 Dungeon Crawl Stone Soup version 0.27-a0-95-g5a9077b8ae (webtiles) character file.

Game seed: 9102587364202555330

31 knot the Chopper (level 3, 38/43 HPs)
             Began as a Demonspawn Berserker on Jan 19, 2021.
             Was a Follower of Trog.
             Quit the game on level 2 of the Dungeon.
             The game lasted 00:01:03 (1279 turns).

knot the Chopper (Demonspawn Berserker)             Turns: 1279, Time: 00:01:03

Health: 38/43      AC:  2    Str: 17    XL:     3   Next: 7%
Magic:  3/3        EV: 12    Int:  9    God:    Trog [*.....]
Gold:   10         SH:  0    Dex: 12    Spells: 2/2 levels left

rFire    . . .     SeeInvis .   a - +0 hand axe
rCold    . . .     Faith    .   (no shield)
rNeg     . . .     Spirit   .   b - +0 animal skin
rPois    .         Reflect  .   (helmet restricted)
rElec    .         Harm     .   (no cloak)
rCorr    .         Rampage  .   (no gloves)
Will     .....                  (no boots)
Stlth    ..........             g - amulet of inaccuracy (curse)
HPRegen  0.14/turn              (no ring)
MPRegen  0.08/turn              (no ring)

@: berserking, mildly poisoned (38 -> 35), very quick
A: horns 1, spiny 1
a: Renounce Religion, Berserk


You were on level 2 of the Dungeon.
You worshipped Trog.
Trog was aware of your devotion.
You visited 1 branch of the dungeon, and saw 2 of its levels.

You collected 10 gold pieces.

Inventory:

Hand Weapons
 a - a +0 hand axe (weapon)
Missiles
 h - 4 stones
Armour
 b - a +0 animal skin (worn)
Jewellery
 g - a cursed amulet of inaccuracy (around neck)
Scrolls
 d - 3 scrolls of remove curse {unknown}
 e - a scroll of teleportation {unknown}
 i - a scroll of blinking {unknown}
Potions
 c - 2 potions of lignification {unknown}
 f - 2 potions of heal wounds {unknown}


   Skills:
 - Level 3.0 Fighting
 + Level 3.9 Axes
 - Level 1.7 Armour
 - Level 1.7 Dodging


You had 2 spell levels left.
You didn't know any spells.
Your spell library contained the following spells:

 Spells                   Type           Power        Failure   Level
 Animate Skeleton         Necr           0%           38%         1
 Apportation              Tloc           0%           38%         1
 Corona                   Hex            0%           38%         1
 Summon Small Mammal      Summ           0%           38%         1


Dungeon Overview and Level Annotations

Branches:
Dungeon (2/15)

Altars:


Innate Abilities, Weirdness & Mutations

You have a pair of small horns on your head.
You are partially covered in sharp spines.


Message History

You add the spells Corona, Animate Skeleton, Summon Small Mammal and Apportation to your library.
An adder comes into view.
An adder is nearby!
You barely miss the adder. The adder bites you but does no damage.
A red film seems to cover your vision as you go berserk!
You feel yourself moving faster!
You feel mighty! The adder misses you.
You miss the adder. The adder bites you.
You are poisoned.
The adder poisons you!
You slice the adder!!
You feel the power of Trog in you as your rage grows.
You kill the adder!
Trog accepts your kill.
You feel sick.
You have reached level 3!
Your experience leads to an increase in your attributes!
Increase (S)trength, (I)ntelligence, or (D)exterity?
You feel clever.
Your demonic ancestry asserts itself...
Sharp spines emerge from parts of your body.
Are you sure you want to abandon this character and quit the game? (Confirm with "yes".)

#.# .#. #.. .. ## ####
##.# #. # ..# #.. #. .#
#.# #.# #.### #.#
#.####)########... ...#
#................##...###
........########.#.......
######>.........@.†..#
#...#######.....# #..[#
####.## ######...# .#
.........# # .#####.#.#
#.#.# #.#.# #.#.#


There were no monsters in sight!

Vanquished Creatures
  An adder (D:2)
  A leopard gecko (D:1)
  2 bats (D:1)
  2 giant cockroaches
  5 hobgoblins
  3 kobolds
  A frilled lizard (D:1)
  2 goblins (D:1)
  4 rats
21 creatures vanquished.

Notes
Turn   | Place    | Note
-------+----------+-------------------------------------------
     0 | D:1      | knot the Demonspawn Berserker began the quest for the Orb.
     0 | D:1      | Reached XP level 1. HP: 18/18 MP: 1/1
   372 | D:1      | Gained mutation: You have a pair of small horns on your
                  | head. [demonic ancestry]
   372 | D:1      | Reached XP level 2. HP: 16/24 MP: 2/2
  1278 | D:2      | Gained mutation: You are partially covered in sharp spines.
                  | [demonic ancestry]
  1278 | D:2      | Reached XP level 3. HP: 29/29 MP: 3/3
  1279 | D:2      | Quit the game

Illustrated notes

Levels and vault maps discovered:
D:1:      lightli_arrival_boilingwater, layout_basic
D:2:      layout_loops_ring, dk_noncrumbling_3

Skill      XL: |  1 |
---------------+----+-----
Axes           | 3 |  3.9
Fighting       | |  3.0
Armour         | |  1.7
Dodging        | |  1.7

Action                   || total
-------------------------++-------
Melee: Hand axe          ||    68
       Headbutt          ||     7
Invok: Berserk           ||     2
Armor: Animal skin       ||    16
Dodge: Dodged            ||    47

Table legend: (Time is in decaauts)
 A = Elapsed time spent in this place.
 B = Non-inter-level travel time spent in this place.
 C = Inter-level travel time spent in this place.
 D = Time resting spent in this place.
 E = Time spent auto-exploring this place.
 F = Levels seen in this place.
 G = Mean time per level.
                   A        B        C        D        E       F      G
               +--------+--------+--------+--------+--------+-----+--------+
         Total |   1300 |   1292 |      8 |    261 |    871 |   2 |  650.0 |
       Dungeon |   1300 |   1292 |      8 |    261 |    871 |   2 |  650.0 |
               +--------+--------+--------+--------+--------+-----+--------+

Top non-repeatable levels by time:
     D:1: 1170 daAuts
     D:2: 130 daAuts
